AoeStats
← |GaoeG| flamingo

Enclosed

504292235Analyzed
1v1 RM · 27d ago on Sep 4, 2026· 39m 27s· 2 players
Game mode
Random Map
Map size
Tiny (2 player)
Population
200
Speed
Normal
Resources
Standard
Victory
Conquest
Starting age
Dark Age
Ending age
Imperial Age
RankedLock teamsTeams togetherTeam positionsShared explorationLock speedFull tech treeHidden civsTurbo modeCheats
Victory
Defeat
🇺🇾 Malians · Uruguay
1379
+17
🇪🇸 Slavs · Spain
1393
-17
|MP| Luriel
5:25 Loom
7:02 Loom
9:19 Feudal Age
13:05 Horse Collar
16:31 Double-Bit Axe
21:11 Castle Age
19:33 Fletching
20:21 Bloodlines
20:32 Stone Mining
20:35 Gold Mining
22:03 Bow Saw
23:10 Wheelbarrow
25:35 Bodkin Arrow
26:55 Padded Archer Armor
27:30 Town Watch
29:02 Elite Skirmisher
36:24 Imperial Age
34:10 Scale Barding Armor
34:15 Forging
35:00 Husbandry
36:00 Heavy Plow
36:39 Stone Mining
37:26 Iron Casting
37:30 Chain Barding Armor
36:59 Heavy Camel Rider
38:14 Conscription
38:34 Ballistics
39:35 Farimba
|GaoeG| flamingo
6:18 Loom
8:57 Feudal Age
9:33 Double-Bit Axe
9:31 Horse Collar
20:38 Castle Age
22:05 Bow Saw
22:46 Wheelbarrow
22:19 Heavy Plow
22:16 Gold Mining
23:18 Squires
22:42 Pikeman
25:19 Town Watch
31:28 Detinets
31:47 Scale Mail Armor
35:03 Bloodlines
34:54 Husbandry
41:02 Imperial Age
39:32 Scale Barding Armor
39:38 Forging
Connection lost

Rejoining the realm…

Still unreachable

The connection could not be restored.

Session expired

The server has moved on; the page needs a fresh start.